 Dungeon Crawl Stone Soup version 0.22-a0-417-g1387785 (webtiles) character file.

198 inmateoo the Shield-Bearer (level 6, -2/43 HPs)
             Began as a Formicid Fighter on May 14, 2018.
             Slain by Amnesiac's ghost (7 damage)
             ... on level 4 of the Dungeon.
             The game lasted 00:02:43 (2601 turns).

inmateoo the Shield-Bearer (Formicid Fighter)       Turns: 2601, Time: 00:02:44

Health: -2/43      AC:  8    Str: 22    XL:     6   Next: 6%
Magic:  6/6        EV:  8    Int:  8    God:
Gold:   188        SH: 10    Dex: 10    Spells: 5/5 levels left

rFire    . . .     SeeInvis +   a - +0 war axe
rCold    . . .     Gourm    .   c - +0 shield
rNeg     . . .     Faith    .   b - +0 scale mail
rPois    .         Spirit   .   (helmet unavailable)
rElec    .         Reflect  .   (no cloak)
rCorr    .         Harm     .   k - +0 pair of gloves
MR       .....                  (no boots)
Stlth    +.........             (no amulet)
HPRegen  0.14/turn              u - ring of stealth
MPRegen  0.10/turn              (no ring)

@: no status effects
A: permanent stasis, dig shafts and tunnels, four strong arms, antennae 3, frail
1, evolution 1
a: Dig, Shaft Self


You were on level 4 of the Dungeon.
You were not hungry.

You visited 1 branch of the dungeon, and saw 4 of its levels.

You collected 188 gold pieces.

Inventory:

Hand Weapons
 a - a +0 war axe (weapon)
Missiles
 l - 6 javelins (quivered)
Armour
 b - a +0 scale mail (worn)
 c - a +0 shield (worn)
 k - a +0 pair of gloves (worn)
 y - a cursed +0 plate armour
Jewellery
 u - a ring of stealth (left hand)
 w - an uncursed ring of poison resistance {unknown}
Scrolls
 g - a scroll of enchant weapon {unknown}
 n - 2 scrolls of magic mapping {unknown}
 o - 3 scrolls of teleportation
 p - 4 scrolls of amnesia {unknown}
 r - 2 scrolls of enchant armour {unknown}
 s - a scroll of immolation {unknown}
 t - a scroll of blinking {unknown}
 v - a scroll of fear {unknown}
Potions
 d - a potion of might
 e - a potion of curing {unknown}
 h - a potion of haste
 i - a potion of brilliance {unknown}
 j - a potion of ambrosia {unknown}
 q - 4 potions of mutation
 x - a potion of resistance
Comestibles
 f - 5 rations
 z - 5 chunks of flesh


   Skills:
 + Level 4.2 Fighting
 * Level 3.9 Axes
 + Level 4.2 Armour
 + Level 4.7 Shields


You had 5 spell levels left.
You didn't know any spells.
Your spell library was empty.

Dungeon Overview and Level Annotations

Branches:
Dungeon (4/15)
 Temple: D:4-7

Altars:
Hepliaklqana
Ru
Yredelemnul

Annotations:
D:4 Amnesiac's ghost, amateur SpTm


Innate Abilities, Weirdness & Mutations

You cannot be hasted, slowed, berserked, paralysed or teleported.
You can dig through walls and to a lower floor.
Your four strong arms can wield two-handed weapons with a shield.
You have a pair of large antennae on your head. (SInv)
You are frail. (-10% HP)
You evolve.


Message History

Amnesiac's ghost hits you.
* * * LOW HITPOINT WARNING * * *
Unknown command.
It was a potion of mutation.
You feel extremely strange.
You feel frail.
You feel nature experimenting on you.
Don't worry, failures die fast.
Amnesiac's ghost closely misses you.
It was a potion of haste.
Your stasis prevents you from being hasted.
You block Amnesiac's ghost's attack.
It was a potion of resistance.
You feel protected.
Amnesiac's ghost says, "Death is but another step down the path of knowledge."
You block Amnesiac's ghost's attack.
It was a potion of cancellation.
Your magical effects are unravelling.
You feel magically purged.
Your resistance to elements expires.
Amnesiac's ghost hits you!
You die...

#.##..).#............
#.###.)..............
#.###...####.#######. #
#.......# #.# #.
#.##.######### ##.## ..
#...s.....# #...#
.....#.#.# #...# ...
##†W# #..(# #
##@######...#####
##..##...........#.#
..#[#.#...............>.
........##...........#.#
.###...#######...#####
#... #..#..# ##.#
#.###.# #. #..#..# #.
##...####


You could see Amnesiac's ghost.

Vanquished Creatures
  An iguana (D:4)
  A worker ant (D:4)
  4 gnolls (D:4)
  4 adders
  An ooze (D:2)
  2 orcs (D:3)
  7 bats
  4 giant cockroaches
  2 gnoll zombies (D:3)
  9 goblins
  6 hobgoblins
  2 jackals (D:3)
  2 quokkas
  5 frilled lizards
  12 kobolds
  5 rats
67 creatures vanquished.

Notes
Turn   | Place    | Note
-------+----------+-------------------------------------------
     0 | D:1      | inmateoo the Formicid Fighter began the quest for the Orb.
     0 | D:1      | Reached XP level 1. HP: 18/18 MP: 1/1
     1 | D:1      | Noticed an electric eel
   188 | D:1      | Reached XP level 2. HP: 24/24 MP: 2/2
   522 | D:1      | Reached XP level 3. HP: 18/29 MP: 3/3
  1312 | D:2      | Reached XP level 4. HP: 37/37 MP: 4/4
  1472 | D:3      | Found a basalt altar of Yredelemnul.
  2133 | D:3      | Reached XP level 5. HP: 38/42 MP: 5/5
  2499 | D:4      | Found a hazy altar of Hepliaklqana.
  2499 | D:4      | Found a sacrificial altar of Ru.
  2565 | D:4      | Noticed Amnesiac's ghost (amateur SpTm)
  2576 | D:4      | Reached XP level 6. HP: 47/48 MP: 6/6
  2598 | D:4      | Gained mutation: You are frail. (-10% HP) [potion of mutation]
  2598 | D:4      | Gained mutation: You evolve. [potion of mutation]
  2601 | D:4      | Slain by Amnesiac's ghost

Vault maps used:
D:1:      arrival_aquarium_a, minmay_misc_feat_roman, minmay_ruptured
D:3:      lemuel_zombie_altar_yredelemnul
D:4:      gammafunk_temple_overflow_pools, first_ration, serial_shops,
          kennysheep_mini_moat, uniq_grinder

Skill      XL: |  1  2  3  4  5 |
---------------+----------------+-----
Shields        | 4 |  4.7
Axes           | 3 |  3.9
Fighting       | 4 |  4.2
Armour         | 4 |  4.2

Action                   |  1- 3 |  4- 6 || total
-------------------------+-------+-------++-------
Melee: War axe           |   129 |   144 ||   273
  Use: Scroll            |       |     1 ||     1
       Potion            |       |     4 ||     4
  Eat: Chunk             |     2 |     4 ||     6
Armor: Scale mail        |    63 |    45 ||   108
Dodge: Dodged            |    44 |    46 ||    90
Block: Shield            |    65 |    83 ||   148

Table legend:
 A = Spawn XP
 B = Non-spawn XP
 C = Spawn XP percentage of total XP
 D = Spawn monster count
 E = Non-spawn monster count
 F = Spawn count percentage of total count
 G = Total turns spent on level
                    A         B        C        D         E        F      G
               +---------+---------+-------+---------+---------+-------+---------
         Total |       0 |     284 |   0.0 |       0 |      67 |   0.0 |  2601
               +---------+---------+-------+---------+---------+-------+---------
           D:1 |       0 |      30 |   0.0 |       0 |      19 |   0.0 |   816
           D:2 |       0 |      42 |   0.0 |       0 |      17 |   0.0 |   589
           D:3 |       0 |      76 |   0.0 |       0 |      23 |   0.0 |   889
           D:4 |       0 |     136 |   0.0 |       0 |       8 |   0.0 |   307
               +---------+---------+-------+---------+---------+-------+---------
